 Dungeon Crawl Stone Soup version 0.30-a0-576-g89cddaab80 (webtiles) character file.

Game seed: 1627017281299978973

6349 themarg the Martial Artist (level 10, -3/77 HPs)
             Began as a Gnoll Transmuter on Dec 30, 2022.
             Was a Believer of Sif Muna.
             Slain by a wraith (8 damage)
             ... on level 10 of the Dungeon.
             The game lasted 00:29:20 (11632 turns).

themarg the Martial Artist (Gnoll Transmuter)      Turns: 11632, Time: 00:29:21

Health: -3/77      AC: 17    Str: 20    XL:     10   Next: 96%
Magic:  30/30      EV: 14    Int: 16    God:    Sif Muna [**....]
Gold:   291        SH:  0    Dex:  9    Spells: 8/24 levels left

rFire   . . .      SeeInvis .    V - +6 flail (protect)
rCold   + . .      Faith    .    (no shield)
rNeg    + . .      Spirit   .    a - +0 robe
rPois   +          Reflect  .    v - +1 helmet
rElec   +          Harm     .    r - +0 cloak
rCorr   +          Rampage  .    n - +2 pair of gloves
Will    .....                    O - +0 pair of boots
Stlth   +++                      (no amulet)
HPRegen 0.32/turn                Q - ring "Pipoffy" {rElec rPois rN+ rCorr}
MPRegen 0.22/turn                s - ring "Jetoll" {rC+ rCorr MP+9 Str+9 Dex-3}

@: under a protective aura, hasted (expiring), very quick
A: fangs 1, strong nose, distributed training
a: Renounce Religion, Channel Magic


You were on level 10 of the Dungeon.
You worshipped Sif Muna.
Sif Muna was pleased with you.
You visited 2 branches of the dungeon, and saw 11 of its levels.

You collected 547 gold pieces.
You spent 256 gold pieces at shops.

Inventory:

Hand Weapons
 V - a +6 flail of protection (weapon)
Missiles
 c - 38 poisoned darts
 d - 81 stones
 k - 10 boomerangs
 B - 6 throwing nets
 J - 4 silver javelins
Armour
 a - a +0 robe (worn)
 n - a +2 pair of gloves (worn)
 r - a +0 cloak (worn)
 v - a +1 helmet (worn)
 O - a +0 pair of boots (worn)
Jewellery
 e - a +6 ring of dexterity
 s - the ring "Jetoll" (right hand) {rC+ rCorr MP+9 Str+9 Dex-3}
   (You found it on level 4 of the Dungeon)

   [ring of protection from cold]

   Str:       It affects your strength (+9).
   Dex:       It affects your dexterity (-3).
   rC:        It protects you from cold.
   MP:        It affects your magic capacity (+9).
   rCorr:     It protects you from acid and corrosion.
 u - a ring of see invisible
 z - a ring of positive energy
 K - a ring of magical power
 N - a ring of flight
 Q - the ring "Pipoffy" (left hand) {rElec rPois rN+ rCorr}
   (You found it on level 8 of the Dungeon)

   [ring of poison resistance]

   rElec:     It insulates you from electricity.
   rPois:     It protects you from poison.
   rN:        It protects you from negative energy.
   rCorr:     It protects you from acid and corrosion.
 S - a +6 ring of strength
Wands
 D - a wand of quicksilver (6)
 P - a wand of flame (18)
 R - a wand of iceblast (6)
Scrolls
 h - a scroll of amnesia {unknown}
 j - a scroll of immolation {unknown}
 m - 3 scrolls of teleportation
 q - 2 scrolls of fog
 w - 4 scrolls of magic mapping
 x - 2 scrolls of poison
 y - a scroll of torment {unknown}
 F - a scroll of vulnerability {unknown}
 G - 2 scrolls of brand weapon {unknown}
 I - a scroll of blinking {unknown}
Potions
 b - a potion of lignification
 g - 7 potions of degeneration
 i - 3 potions of mutation
 l - 2 potions of cancellation
 o - 6 potions of attraction
 p - 4 potions of flight
 t - a potion of resistance
 A - 2 potions of haste
 C - a potion of heal wounds {unknown}
 E - 3 potions of might
 H - a potion of ambrosia {unknown}
 L - a potion of brilliance
 M - 2 potions of invisibility
 T - a potion of berserk rage {unknown}


   Skills:
 + Level 6.5 Fighting
 + Level 6.0 Short Blades
 + Level 6.0 Long Blades
 + Level 6.0 Axes
 + Level 6.0 Maces & Flails
 + Level 6.0 Polearms
 + Level 6.0 Staves
 + Level 6.0 Ranged Weapons
 + Level 6.0 Throwing
 + Level 6.0 Armour
 + Level 7.6 Dodging
 + Level 6.0 Stealth
 + Level 6.0 Shields
 + Level 9.0 Unarmed Combat
 + Level 7.9 Spellcasting
 + Level 4.9 Conjurations
 + Level 4.9 Hexes
 + Level 4.9 Summonings
 + Level 4.9 Necromancy
 + Level 4.9 Translocations
 + Level 6.3 Transmutations
 + Level 4.9 Fire Magic
 + Level 4.9 Ice Magic
 + Level 4.9 Air Magic
 + Level 4.9 Earth Magic
 + Level 4.9 Poison Magic
 + Level 6.5 Invocations
 + Level 6.0 Evocations


You had 8 spell levels left.
You knew the following spells:

 Your Spells              Type           Power      Damage    Failure   Level
a - Beastly Appendage     Tmut           52%        N/A       1%          1
b - Wereblood             Tmut           26%        N/A       1%          2
c - Spider Form           Tmut/Pois      24%        N/A       3%          3
d - Ice Form              Ice/Tmut       24%        N/A       11%         4
e - Stone Arrow           Conj/Erth      44%        3d9       4%          3
f - Mephitic Cloud        Conj/Pois/Air  22%        N/A       4%          3

Your spell library contained the following spells:

 Spells                   Type           Power      Damage    Failure   Level
 Magic Dart               Conj           88%        1d7       1%          1
 Sandblast                Erth           44%        2d11      1%          1
 Passwall                 Tmut/Erth      20%        N/A       1%          2
 Call Imp                 Summ           22%        N/A       2%          2
 Ensorcelled Hibernation  Hex/Ice        44%        N/A       2%          2
 Dazzling Flash           Conj/Hex       44%        N/A       4%          3
 Swiftness                Air            22%        N/A       4%          3
 Agony                    Necr           22%        N/A       38%         5
 Silence                  Hex/Air        11%        N/A       38%         5


Dungeon Overview and Level Annotations

Branches:
Dungeon (10/15)            Temple (1/1) D:5            Lair (0/5) D:9
    Orc: D:9-12

Altars:
Ashenzari
Cheibriados
Dithmenos
Elyvilon
Fedhas
Gozag
Hepliaklqana
Kikubaaqudgha
Makhleb
Nemelex Xobeh
Okawaru
Qazlal
Ru
Sif Muna
Trog
Uskayaw
Vehumet
Wu Jian
Xom
Yredelemnul
Zin
The Shining One
Lugonu

Shops:
D:1 =   D:7 [   D:10 *!

Annotations:
D:9 3 runed translucent doors, experimilk's ghost, journeyman DrCj


Innate Abilities, Weirdness & Mutations

You have very sharp teeth.
Your uncanny sense of smell can sniff out nearby items.
Your experience applies equally to all skills.


Message History

Your primal bloodlust has ended.
You start resting.
A wraith comes into view.
You hit the wraith.
Your weapon exudes an aura of protection.
Your bite misses the wraith.
The wraith is lightly damaged.
The wraith barely misses you.
You thump the wraith! You bite the wraith, but do no damage.
The wraith is heavily damaged.
The wraith hits you!
* * * LOW HITPOINT WARNING * * *
Aiming: Mindburst
Press: ? - help, Shift-Dir - straight line, f - wraith
Aim: a wraith (heavily damaged, chance to affect: 53%)
The wraith resists with significant effort.
Aiming: Throw Flame
Press: ? - help, Shift-Dir - straight line, f/p - wraith
Aim: a wraith (heavily damaged, 74% to hit)
The puff of flame misses the wraith.
The wraith hits you but does no damage.
Aiming: Mindburst
Press: ? - help, Shift-Dir - straight line, f/p - wraith
Aim: a wraith (heavily damaged, chance to affect: 53%)
The wraith resists with significant effort.
The now-empty wand crumbles to dust.
The wraith hits you but does no damage.
You closely miss the wraith. You bite the wraith.
The wraith is heavily damaged.
You hit the wraith. Your punch misses the wraith.
The wraith is heavily damaged.
The wraith hits you but does no damage.
You hit the wraith.
The wraith is heavily damaged.
The wraith hits you but does no damage.
You hit the wraith.
The wraith is severely damaged.
You hit the wraith. Your bite misses the wraith.
The wraith is almost destroyed.
Your extra speed is starting to run out.
The wraith hits you!
You die...

#.. #.. #.. ####
#/. ..... #..
..... #.. ......
+.. ......######
#.. ..........@#
#..
..........#W......
#..
............../...
#..
..................
..
##########........
.. .../.### ..
.....# .....# ...


You could see a wraith.

Vanquished Creatures
  A two-headed ogre (D:9)
  A rime drake (D:9)
  A hornet (D:9)
  A wyvern (D:7)
  3 steam dragons
  Edmund (D:5)
  A water moccasin (D:8)
  8 ice beasts
  A sky beast (D:7)
  2 ogres (D:7)
  A wolf (D:9)
  3 centaurs
  3 phantoms
  4 kobold brigands
  3 bullfrogs
  5 scorpions
  4 necrophages
  5 wights (D:8)
  18 killer bees
  A howler monkey (D:8)
  An electric eel (D:9)
  4 hounds
  An orc priest (D:5)
  4 gnoll boudas
  Crazy Yiuf (D:2)
  4 iguanas
  5 orc wizards
  8 adders
  14 gnolls
  3 white imps
  An ufetubus (D:6)
  A worm (D:2)
  3 dart slugs
  22 orcs
  6 bats
  8 endoplasms
  4 giant cockroaches
  4 goblins
  6 hobgoblins
  3 jackals (D:1)
  A quokka (D:1)
  4 ball pythons
  4 frilled lizards
  26 kobolds
  5 rats
210 creatures vanquished.

Notes
Turn   | Place    | Note
-------+----------+-------------------------------------------
     0 | D:1      | themarg the Gnoll Transmuter began the quest for the Orb.
     0 | D:1      | Reached XP level 1. HP: 17/17 MP: 6/6
   163 | D:1      | Reached XP level 2. HP: 18/23 MP: 4/7
   189 | D:1      | Learned a level 2 spell: Wereblood
   279 | D:1      | Found Obloanw Ised's Jewellery Shop.
   565 | D:2      | Reached skill level 5 in Spellcasting
   565 | D:2      | Reached XP level 3. HP: 28/28 MP: 6/9
   569 | D:2      | Learned a level 3 spell: Spider Form
   659 | D:2      | Reached skill level 1 in Invocations
   663 | D:2      | Reached skill level 1 in Short Blades
   663 | D:2      | Reached skill level 1 in Long Blades
   663 | D:2      | Reached skill level 1 in Axes
   663 | D:2      | Reached skill level 1 in Maces & Flails
   663 | D:2      | Reached skill level 1 in Polearms
   663 | D:2      | Reached skill level 1 in Staves
   663 | D:2      | Reached skill level 1 in Ranged Weapons
   663 | D:2      | Reached skill level 1 in Throwing
   663 | D:2      | Reached skill level 1 in Armour
   663 | D:2      | Reached skill level 1 in Stealth
   663 | D:2      | Reached skill level 1 in Shields
   663 | D:2      | Reached skill level 1 in Evocations
   803 | D:2      | Reached XP level 4. HP: 28/34 MP: 7/11
   961 | D:2      | Found a runed translucent door.
   962 | D:2      | Noticed Crazy Yiuf
   968 | D:2      | Killed Crazy Yiuf
   969 | D:2      | Reached skill level 1 in Conjurations
   969 | D:2      | Reached skill level 1 in Hexes
   969 | D:2      | Reached skill level 1 in Summonings
   969 | D:2      | Reached skill level 1 in Necromancy
   969 | D:2      | Reached skill level 1 in Translocations
   969 | D:2      | Reached skill level 1 in Fire Magic
   969 | D:2      | Reached skill level 1 in Ice Magic
   969 | D:2      | Reached skill level 1 in Air Magic
   969 | D:2      | Reached skill level 1 in Earth Magic
   969 | D:2      | Reached skill level 1 in Poison Magic
  1192 | D:2      | Reached XP level 5. HP: 40/40 MP: 8/12
  2555 | D:4      | Noticed a phantom
  2565 | D:4      | Killed a phantom
  2566 | D:4      | Reached XP level 6. HP: 42/47 MP: 10/13
  2581 | D:4      | Identified the ring "Jetoll" {rC+ rCorr MP+9 Str+9 Dex-3}
  2705 | D:4      | Reached skill level 5 in Dodging
  2902 | D:4      | Found a burning altar of Makhleb.
  2952 | D:4      | Found a white marble altar of Elyvilon.
  3039 | D:4      | Reached XP level 7. HP: 52/52 MP: 15/15
  3101 | D:4      | Reached skill level 7 in Unarmed Combat
  3285 | D:4      | Found a snail-covered altar of Cheibriados.
  3360 | D:4      | Found a sacrificial altar of Ru.
  3574 | D:4      | Noticed a steam dragon
  3584 | D:4      | Killed a steam dragon
  3800 | D:5      | Entered Level 5 of the Dungeon
  3861 | D:5      | Reached XP level 8. HP: 41/60 MP: 16/16
  4077 | D:5      | Found an ancient bone altar of Kikubaaqudgha.
  4089 | D:5      | Found an ornate altar of the Wu Jian Council.
  4138 | D:5      | Noticed Edmund
  4155 | D:5      | Killed Edmund
  4675 | D:5      | Found an opulent altar of Gozag.
  4679 | D:5      | Found a broken altar of Ashenzari.
  4748 | D:5      | Found a staircase to the Ecumenical Temple.
  4757 | Temple   | Entered the Ecumenical Temple
  4800 | Temple   | Became a worshipper of Sif Muna the Loreminder
  5270 | D:6      | Found a sparkling altar of Nemelex Xobeh.
  5597 | D:6      | Reached skill level 5 in Transmutations
  5661 | D:6      | Reached XP level 9. HP: 37/66 MP: 18/18
  6177 | D:6      | You fall into a shaft and drop 1 floor!
  6213 | D:7      | Reached skill level 5 in Fighting
  6478 | D:7      | Found a glowing golden altar of the Shining One.
  6622 | D:7      | Reached * piety under Sif Muna
  6634 | D:7      | Reached skill level 8 in Unarmed Combat
  6643 | D:7      | Found Meumi's Armour Shoppe.
  6972 | D:6      | Found a hazy altar of Hepliaklqana.
  7313 | D:7      | Reached skill level 5 in Invocations
  7853 | D:7      | Found a shadowy altar of Dithmenos.
  7928 | D:8      | Found an iron altar of Okawaru.
  8081 | D:8      | Reached skill level 5 in Short Blades
  8081 | D:8      | Reached skill level 5 in Long Blades
  8081 | D:8      | Reached skill level 5 in Axes
  8081 | D:8      | Reached skill level 5 in Maces & Flails
  8081 | D:8      | Reached skill level 5 in Polearms
  8081 | D:8      | Reached skill level 5 in Staves
  8081 | D:8      | Reached skill level 5 in Ranged Weapons
  8081 | D:8      | Reached skill level 5 in Throwing
  8081 | D:8      | Reached skill level 5 in Armour
  8081 | D:8      | Reached skill level 5 in Stealth
  8081 | D:8      | Reached skill level 5 in Shields
  8081 | D:8      | Reached skill level 5 in Evocations
  8081 | D:8      | Reached XP level 10. HP: 75/76 MP: 20/20
  8086 | D:8      | Reached ** piety under Sif Muna
  8256 | D:8      | Identified the ring "Pipoffy" {rElec rPois rN+ rCorr}
  8641 | D:8      | Found a glowing silver altar of Zin.
  8656 | D:8      | Noticed an angel
  8667 | D:8      | Found a shimmering altar of Xom.
  8735 | D:8      | Identified the +5 ring mail "Fyruuzow" {rF+}
  9860 | D:8      | Learned a level 4 spell: Ice Form
  9864 | D:8      | Learned a level 3 spell: Stone Arrow
  9868 | D:8      | Learned a level 3 spell: Mephitic Cloud
  9920 | D:9      | Found a hide-covered altar of Uskayaw.
  9959 | D:9      | Found a runed translucent gate.
  9959 | D:9      | Found a runed translucent gate.
  9959 | D:9      | Found a runed translucent gate.
  9960 | D:9      | Noticed experimilk's ghost (journeyman DrCj)
 10360 | D:9      | Noticed a two-headed ogre
 10406 | D:9      | Killed a two-headed ogre
 11080 | D:9      | Found a staircase to the Lair.
 11368 | D:10     | Entered Level 10 of the Dungeon
 11368 | D:10     | Found Caibin's Distillery.
 11379 | D:10     | Bought a potion of invisibility for 88 gold pieces
 11379 | D:10     | Bought a potion of brilliance for 44 gold pieces
 11381 | D:10     | Found Vajoschec's Assorted Antiques.
 11385 | D:10     | Bought a scroll of identify for 62 gold pieces
 11385 | D:10     | Bought a scroll of identify for 62 gold pieces
 11585 | D:10     | Reached skill level 9 in Unarmed Combat
 11632 | D:10     | Slain by a wraith

Illustrated notes

Levels and vault maps discovered:
D:1:      dpeg_arrival_lava_temple_mockup, layout_rooms, serial_shops, shop
D:2:      layout_basic, uniq_crazy_yiuf_cottage
D:3:      layout_loops_cross
D:4:      layout_basic, nicolae_ru_awakened_eye, nicolae_overflow_hidden_temple,
          mainiacjoe_overflow_surrounded_room, makhleb_heckhound_becter,
          minmay_quantized
D:5:      layout_gridville, mainiacjoe_overflow_boulevard,
          cheibrodos_ashenzari_chains, amcnicky_altar_gilded, kennysheep_mini,
          minmay_temple_entry_waves, uniq_edmund
D:6:      layout_basic, general_overflow_altar, overflow_temple_1_default,
          serial_glass, glass_columns_c, glass_columns_a
D:7:      layout_basic, lemuel_round_altar, mainiacjoe_overflow_catwalk,
          serial_shops, nicolae_shop_crystal, serial_glass, glass_columns_a,
          glass_columns_a, minmay_misc_feat_tiny,
          minmay_fractal_squares_diagonal_5
D:8:      layout_layer_cave, grunt_temple_overflow_order_and_chaos_1,
          okawaru_trees_1
D:9:      layout_cave_pools, mainiacjoe_overflow_six_doors_small,
          hellmonk_lair_entry_icy, ebering_ghost_rock_garden,
          serial_column_ruins, column_ruins_hut, column_ruins_hut,
          column_ruins_corridor_water, column_ruins_columns_straight,
          column_ruins_columns_T, column_ruins_grid_1, column_ruins_open_medium,
          column_ruins_columns_straight, kennysheep_minor_cross, fountainhead,
          minivault_19
D:10:     cheibrodos_iron_armory, layout_gridville, serial_shops, shop,
          nicolae_shop_advertising_works [nicolae_subvault_shop_adworks],
          nicolae_shop_crystal
Temple:   corrupted_temple

Skill      XL: |  1  2  3  4  5  6  7  8  9 10 |
---------------+-------------------------------+-----
Spellcasting   | 5 6 7 |  7.9
Invocations    | 1 2 3 4 5 6 |  6.5
Short Blades   | 1 2 3 5 6 |  6.0
Long Blades    | 1 2 3 5 6 |  6.0
Axes           | 1 2 3 5 6 |  6.0
Maces & Flails | 1 2 3 5 6 |  6.0
Polearms       | 1 2 3 5 6 |  6.0
Staves         | 1 2 3 5 6 |  6.0
Ranged Weapons | 1 2 3 5 6 |  6.0
Throwing       | 1 2 3 5 6 |  6.0
Armour         | 1 2 3 5 6 |  6.0
Stealth        | 1 2 3 5 6 |  6.0
Shields        | 1 2 3 5 6 |  6.0
Evocations     | 1 2 3 5 6 |  6.0
Conjurations   | 1 2 3 4 |  4.9
Hexes          | 1 2 3 4 |  4.9
Summonings     | 1 2 3 4 |  4.9
Necromancy     | 1 2 3 4 |  4.9
Translocations | 1 2 3 4 |  4.9
Fire Magic     | 1 2 3 4 |  4.9
Ice Magic      | 1 2 3 4 |  4.9
Air Magic      | 1 2 3 4 |  4.9
Earth Magic    | 1 2 3 4 |  4.9
Poison Magic   | 1 2 3 4 |  4.9
Fighting       | 3 4 5 6 |  6.5
Transmutations | 4 5 6 |  6.3
Dodging        | 5 6 7 |  7.6
Unarmed Combat | 7 8 9 |  9.0

Action                   |  1- 3 |  4- 6 |  7- 9 | 10-12 || total
-------------------------+-------+-------+-------+-------++-------
Melee: Short sword       |    60 |     1 |       |       ||    61
       Kick              |    15 |       |       |       ||    15
       Headbutt          |    10 |       |       |       ||    10
       Punch             |     5 |       |       |       ||     5
       Unarmed           |     4 |    99 |   256 |   176 ||   535
       Bite              |     4 |     1 |       |     3 ||     8
       Rapier            |       |    10 |     3 |     1 ||    14
       Flail             |       |       |       |    10 ||    10
 Cast: Beastly Appendage |    18 |       |       |       ||    18
       Spider Form       |     1 |    26 |    38 |    20 ||    85
       Wereblood         |     1 |     1 |     5 |     4 ||    11
Evoke: Wand              |       |       |     2 |     5 ||     7
  Use: Scroll            |       |     6 |     3 |     9 ||    18
       Potion            |       |       |     2 |     1 ||     3
 Stab: Sleeping          |     2 |     3 |     1 |     2 ||     8
Armor: Robe              |     7 |     3 |     6 |     7 ||    23
       Skin              |       |     1 |     6 |     9 ||    16
Dodge: Dodged            |    48 |    99 |   241 |   194 ||   582

Table legend: (Time is in decaauts)
 A = Elapsed time spent in this place.
 B = Non-inter-level travel time spent in this place.
 C = Inter-level travel time spent in this place.
 D = Time resting spent in this place.
 E = Time spent auto-exploring this place.
 F = Levels seen in this place.
 G = Mean time per level.
                   A        B        C        D        E       F      G
               +--------+--------+--------+--------+--------+-----+--------+
         Total |  11549 |  10970 |    579 |   1081 |   8139 |  11 | 1049.9 |
       Dungeon |  11491 |  10912 |    579 |   1081 |   8114 |  10 | 1149.1 |
        Temple |     57 |     57 |      0 |      0 |     25 |   1 |   57.0 |
               +--------+--------+--------+--------+--------+-----+--------+

Top non-repeatable levels by time:
     D:8: 2200 daAuts
     D:5: 1477 daAuts
     D:6: 1409 daAuts
     D:7: 1247 daAuts
     D:4: 1246 daAuts
     D:9: 1235 daAuts
     D:2: 1213 daAuts
     D:3: 771 daAuts
     D:1: 557 daAuts
    D:10: 132 daAuts
  Temple: 57 daAuts
